 Dungeon Crawl Stone Soup version 0.28-a0-48-gfd831c5874 (webtiles) character file.

Game seed: 6480292630353248191

28 flotson the Sneak (level 3, -1/29 HPs)
             Began as a Demonspawn Delver on July 29, 2021.
             Blown up by Ijyb (30 damage)
             ... with a mindburst bolt
             ... on level 3 of the Dungeon.
             The game lasted 00:01:39 (620 turns).

flotson the Sneak (Demonspawn Delver)                Turns: 620, Time: 00:01:39

Health: -1/29      AC:  5    Str: 13    XL:     3   Next: 0%
Magic:  3/3        EV: 10    Int: 11    God:
Gold:   57         SH:  5    Dex: 14    Spells: 2/2 levels left

rFire   . . .      SeeInvis .   a - +0 hand axe
rCold   . . .      Faith    .   j - +2 buckler
rNeg    . . .      Spirit   .   i - +0 ring mail
rPois   .          Reflect  .   (helmet restricted)
rElec   .          Harm     .   (no cloak)
rCorr   .          Rampage  .   (no gloves)
Will    .....                   (no boots)
Stlth   ++........              (no amulet)
HPRegen 0.09/turn               (no ring)
MPRegen 0.08/turn               (no ring)

@: no status effects
A: horns 1, foul stench 1
a: no special abilities


You were on level 3 of the Dungeon.
You visited 1 branch of the dungeon, and saw 4 of its levels.

You collected 57 gold pieces.

Inventory:

Hand Weapons
 a - a +0 hand axe (weapon)
Missiles
 h - 6 boomerangs (quivered)
Armour
 i - a +0 ring mail (worn)
 j - a +2 buckler (worn)
Wands
 g - a wand of digging (3)
Scrolls
 c - a scroll of fog
 d - a scroll of magic mapping
 e - a scroll of fear
Potions
 b - a potion of lignification {unknown}
 f - a potion of haste


   Skills:
 + Level 3.2 Fighting
 + Level 2.1 Axes
 + Level 0.5 Throwing
 + Level 0.7 Armour
 + Level 2.1 Dodging
 - Level 4.5 Stealth
 + Level 0.5 Shields


You had 2 spell levels left.
You didn't know any spells.
Your spell library was empty.

Dungeon Overview and Level Annotations

Branches:
Dungeon (5/15)
 Temple: D:4-7

Altars:

Annotations:
D:2 Jessica, Sigmund
D:3 Ijyb


Innate Abilities, Weirdness & Mutations

You have a pair of small horns on your head.
You may rarely emit foul miasma when damaged in melee.


Message History

The hobgoblin shouts!
Sigmund hits you with a +0 scythe!
You are too injured to fight recklessly!
You are too injured to fight recklessly!
You are too injured to fight recklessly!
You are too injured to fight recklessly!
You are too injured to fight recklessly!
Unknown command.
Sigmund barely misses you.
There is a stone staircase leading down, spattered with blood here.
Sigmund barely misses you.
You climb downwards.
There is a stone staircase leading up here.
You start resting.
HP restored.
An endoplasm comes into view.
The endoplasm quivers.
You hit the endoplasm.
You kill the endoplasm!
You have reached level 3!
Your experience leads to an increase in your attributes!
Increase (S)trength, (I)ntelligence, or (D)exterity?
You feel stronger.
Your demonic ancestry asserts itself...
You begin to emit a foul stench of rot and decay.
Ijyb the Twisted Goblin comes into view.
She is wielding a +0 club and carrying a wand of mindburst (6).
Ijyb shouts!
Ijyb moves out of view.
A rat comes into view.
The rat moves out of view.
You start waiting.
Ijyb is nearby!
You block Ijyb's attack.
You hit Ijyb but do no damage.
Ijyb screams, "Level is mine!
All mine!"
You block Ijyb's attack.
You completely miss Ijyb. You headbutt Ijyb.
Ijyb is lightly wounded.
Ijyb zaps a wand.
Your mind is blasted!
Ouch! That really hurt!
You die...

.......... #.....
........ #.... .......
#.... ....g ... ....
... #.. #.# #r#
#.#########g#########
###>..........@........
#...........#.#########
#...........#.#
#...........#.#
#...........#.#
#...........#.#
#...........#.#
#...........#.#
###...........#.#


You could see Ijyb and a rat.

Vanquished Creatures
  2 adders (D:3)
  2 orcs (D:4)
  A ball python (D:3)
  An endoplasm (D:3)
  A kobold (D:3)
  A frilled lizard (D:3)
8 creatures vanquished.

Vanquished Creatures (others)
  A plant (D:4)
1 creature vanquished.

Grand Total: 9 creatures vanquished

Notes
Turn   | Place    | Note
-------+----------+-------------------------------------------
     0 | D:5      | flotson the Demonspawn Delver began the quest for the Orb.
     0 | D:5      | Reached XP level 1. HP: 18/18 MP: 1/1
   227 | D:3      | Gained mutation: You have a pair of small horns on your
                  | head. [demonic ancestry]
   227 | D:3      | Reached XP level 2. HP: 22/24 MP: 2/2
   259 | D:2      | Noticed Jessica
   259 | D:2      | Noticed Sigmund
   603 | D:3      | Gained mutation: You may rarely emit foul miasma when
                  | damaged in melee. [demonic ancestry]
   603 | D:3      | Reached XP level 3. HP: 29/29 MP: 3/3
   611 | D:3      | Noticed Ijyb
   620 | D:3      | Blown up by Ijyb

Illustrated notes

Levels and vault maps discovered:
D:2:      wander_river, layout_basic, uniq_jessica, uniq_sigmund
D:3:      layout_basic, uniq_ijyb
D:4:      layout_cave_pools, mainiacjoe_overflow_alcove_2,
          biasface_ghost_orc_armoury, serial_bayou, serial_bayou_pond_e,
          serial_bayou_shore_b, serial_bayou_crossing, serial_bayou_pond_d,
          serial_bayou_ford_a
D:5:      layout_cave_pods, general_overflow_altar

Skill      XL: |  1 |
---------------+----+-----
Axes           | 2 |  2.1
Dodging        | 2 |  2.1
Fighting       | |  3.2
Throwing       | |  0.5
Armour         | |  0.7
Stealth        | |  4.5
Shields        | |  0.5

Action                   || total
-------------------------++-------
Melee: Hand axe          ||    29
       Headbutt          ||     3
Throw: Boomerang         ||     6
 Stab: Sleeping          ||     1
Armor: Ring mail         ||     6
       Leather armour    ||     1
Dodge: Dodged            ||    15
Block: Buckler           ||    11

Table legend: (Time is in decaauts)
 A = Elapsed time spent in this place.
 B = Non-inter-level travel time spent in this place.
 C = Inter-level travel time spent in this place.
 D = Time resting spent in this place.
 E = Time spent auto-exploring this place.
 F = Levels seen in this place.
 G = Mean time per level.
                   A        B        C        D        E       F      G
               +--------+--------+--------+--------+--------+-----+--------+
         Total |    629 |    600 |     29 |    200 |    250 |   4 |  157.2 |
       Dungeon |    629 |    600 |     29 |    200 |    250 |   4 |  157.2 |
               +--------+--------+--------+--------+--------+-----+--------+

Top non-repeatable levels by time:
     D:3: 418 daAuts
     D:4: 110 daAuts
     D:5: 76 daAuts
     D:2: 25 daAuts
